 Dungeon Crawl Stone Soup version 0.23-a0-94-g44dc95e (webtiles) character file.

7067 eccles the Carver (level 10, -1/91 HPs)
             Began as a Purple Draconian Berserker on Aug 10, 2018.
             Was an Elder of Trog.
             Slain by Sonja
             ... wielding a +2 short sword of venom
              (3 damage)
             ... on level 10 of the Dungeon on Aug 16, 2018.
             The game lasted 00:54:02 (11092 turns).

eccles the Carver (Purple Draconian Berserker)     Turns: 11092, Time: 00:54:03

Health: -1/91      AC: 12    Str: 22    XL:     10   Next: 83%
Magic:  10/10      EV: 15    Int:  9    God:    Trog [****..]
Gold:   235        SH:  0    Dex: 10    Spells: 9/9 levels left

rFire    . . .     SeeInvis .   a - +1 falchion
rCold    . . .     Gourm    .   (no shield)
rNeg     + . .     Faith    .   (armour unavailable)
rPois    .         Spirit   .   v - +1 hat
rElec    .         Reflect  .   (no cloak)
rCorr    .         Harm     .   i - +0 pair of gloves
MR       +....                  A - +2 pair of boots
Stlth    ++........             (no amulet)
HPRegen  0.25/turn              s - ring of positive energy
MPRegen  0.12/turn              (no ring)

@: lethally poisoned (-1 -> -49), berserk cooldown, slowed, very slow
A: breathe power, unfitting armour, cold-blooded, AC +7
a: Breathe Dispelling Energy, Berserk, Trog's Hand, Brothers in Arms, Renounce
Religion


You were on level 10 of the Dungeon.
You worshipped Trog.
Trog was greatly pleased with you.
You were hungry.

You visited 1 branch of the dungeon, and saw 10 of its levels.

You collected 661 gold pieces.
You spent 426 gold pieces at shops.

Inventory:

Hand Weapons
 a - a +1 falchion (weapon)
 j - a +0 great sword
Missiles
 b - 63 arrows
 k - 7 steel javelins (quivered)
Armour
 i - a +0 pair of gloves (worn)
 v - a +1 hat (worn)
 A - a +2 pair of boots (worn)
Jewellery
 s - a ring of positive energy (left hand)
 u - an uncursed amulet of inaccuracy
 y - an uncursed ring of magical power
Wands
 f - a wand of paralysis (14)
 o - a wand of enslavement (7)
 w - a wand of clouds (6)
Scrolls
 c - 5 scrolls of remove curse
 e - 2 scrolls of fog
 h - a scroll of identify
 l - 2 scrolls of teleportation
 m - a scroll of summoning
 p - a scroll of amnesia
 q - 2 scrolls of immolation
 z - a scroll of magic mapping
Potions
 g - 2 potions of might
 n - a potion of degeneration
 r - a potion of magic
 t - 2 potions of ambrosia
 x - a potion of curing
 C - 2 potions of heal wounds
Comestibles
 d - 11 rations
 B - 2 chunks of flesh


   Skills:
 + Level 9.3 Fighting
 + Level 12.1 Long Blades
 + Level 7.3 Dodging
 + Level 4.1 Stealth
 + Level 0.1 Evocations


You had 9 spell levels left.
You didn't know any spells.
Your spell library was empty.

Dungeon Overview and Level Annotations

Branches:
Dungeon (10/15)            Temple (0/1) D:5             Orc (0/2) D:10
   Lair: D:8-11

Altars:
Cheibriados
Makhleb
Okawaru
Ru
Vehumet
Wu Jian
Yredelemnul
The Shining One

Shops:
D:4 ?*}%   D:10 *

Annotations:
D:10 1 runed door, Oddysee's ghost, journeyman FoFi; Sonja


Innate Abilities, Weirdness & Mutations

You can breathe bolts of dispelling energy.
Your rich purple scales are hard. (AC +7)
You cannot fit into any form of body armour.
You are cold-blooded and may be slowed by cold attacks.


Message History

Sonja barely misses you.
You completely miss Sonja.
Your tail-slap misses Sonja.
* * * LOW HITPOINT WARNING * * *
You feel very sick.
Sonja hits you with an uncursed short sword of venom!
* * * LOW HITPOINT WARNING * * *
Sonja barely misses you. Sonja hits you but does no damage.
You are more poisoned.
You completely miss Sonja.
* * * LOW HITPOINT WARNING * * *
You feel very sick. Sonja hits you but does no damage.
You are more poisoned.
Sonja hits you but does no damage. Sonja closely misses you.
Sonja hits you with an uncursed short sword of venom.
* * * LOW HITPOINT WARNING * * *
Sonja hits you with an uncursed short sword of venom.
* * * LOW HITPOINT WARNING * * *
Sonja hits you with an uncursed short sword of venom.
You die...

........# #.. .....#.>.....
........# #... ....#.......
........#. ##'#####...#.......
........##'####......#..(#.......
.....................#(..#.......
....................('...#.......
.....................#.).#.......
.....................#####.......
...............K@.........#######
.......................)..#
...............####'#.....#
............... ...#.....#
........####'# #....#.....#
........+ ... .'....#.....#
........#... .#....#.....#
........#.. #....'.....#
........## ..#.....######


You could see Sonja.

Vanquished Creatures
  Gastronok (D:8)
  2 two-headed ogres
  A centaur skeleton (D:10)
  A troll (D:6)
  A yak (D:7)
  3 hogs (D:7)
  A human (D:7)
  Menkaure (D:6)
  4 orc warriors
  3 ice beasts
  3 sky beasts
  A centaur (D:6)
  An ogre (D:4)
  3 phantoms
  A crocodile (D:10)
  A big kobold (D:9)
  3 bullfrogs
  4 scorpions
  A water moccasin skeleton (D:4)
  A howler monkey (D:6)
  3 crimson imps
  A bullfrog zombie (D:9)
  2 hounds
  A jelly (D:6)
  A quasit (D:10)
  A bullfrog skeleton (D:4)
  5 orc priests
  2 iguanas
  5 orc wizards
  4 worker ants
  10 gnolls
  A howler monkey skeleton (D:8)
  2 worker ant zombies
  6 adders
  4 river rats (D:6)
  2 shadow imps (D:6)
  An adder zombie (D:7)
  An ooze (D:3)
  An adder skeleton (D:8)
  A worm (D:3)
  2 dart slugs (D:1)
  6 leopard geckos
  29 orcs
  7 bats
  6 giant cockroaches
  5 hobgoblins
  14 jackals
  14 kobolds
  3 quokkas
  2 ball pythons (D:1)
  5 frilled lizards
  12 goblins
  A leopard gecko zombie (D:5)
  A quokka zombie (D:5)
  11 rats
  A plant (D:6)
210 creatures vanquished.

Vanquished Creatures (others)
  25 plants
25 creatures vanquished.

Grand Total: 235 creatures vanquished

Notes
Turn   | Place    | Note
-------+----------+-------------------------------------------
     0 | D:1      | eccles the Draconian Berserker began the quest for the Orb.
     0 | D:1      | Reached XP level 1. HP: 19/19 MP: 1/1
   246 | D:1      | Reached XP level 2. HP: 24/26 MP: 2/2
   444 | D:1      | Reached XP level 3. HP: 31/33 MP: 3/3
   449 | D:1      | Reached ** piety under Trog
  1095 | D:2      | Reached skill level 4 in Long Blades
  1095 | D:2      | Reached XP level 4. HP: 26/40 MP: 4/4
  1496 | D:2      | Found a burning altar of Makhleb.
  1496 | D:2      | Found a basalt altar of Yredelemnul.
  1996 | D:3      | Found a glowing golden altar of the Shining One.
  2039 | D:3      | Reached XP level 5. HP: 32/46 MP: 5/5
  2137 | D:3      | Reached *** piety under Trog
  2281 | D:3      | Found an iron altar of Okawaru.
  2420 | D:4      | Found the +8 Wrath of Trog {antimagic, *Rage}
  2746 | D:4      | Found Roproll's Assorted Antiques.
  2756 | D:4      | Found Teufy's Gadget Boutique.
  2779 | D:4      | Found Gonuelim's Magic Scroll Emporium.
  2844 | D:4      | Bought a scroll of identify for 26 gold pieces
  2844 | D:4      | Bought a scroll of identify for 26 gold pieces
  2844 | D:4      | Bought a scroll of enchant weapon for 97 gold pieces
  2877 | D:4      | Noticed an ogre
  2889 | D:4      | HP: 2/47 [ogre/giant club (25)]
  2891 | D:4      | Killed an ogre
  2891 | D:4      | Reached skill level 5 in Long Blades
  3256 | D:4      | Reached XP level 6. HP: 25/53 MP: 6/6
  3572 | D:4      | Found a radiant altar of Vehumet.
  3577 | D:4      | Found a snail-covered altar of Cheibriados.
  3593 | D:4      | Found Loenu's Food Shop.
  3613 | D:4      | Bought a ration for 60 gold pieces
  3649 | D:4      | Reached skill level 5 in Fighting
  3806 | D:4      | Found a sacrificial altar of Ru.
  3914 | D:5      | Entered Level 5 of the Dungeon
  4021 | D:5      | Reached skill level 6 in Long Blades
  4021 | D:5      | Reached skill level 1 in Stealth
  4021 | D:5      | Your scales start taking on a rich purple colour.
  4021 | D:5      | Reached XP level 7. HP: 29/61 MP: 7/7
  4341 | D:5      | Received a gift from Trog
  4519 | D:5      | Found a staircase to the Ecumenical Temple.
  5278 | D:5      | Upgraded the game from 0.23-a0-78-gc252fe1 to 0.23-a0-80-gc95c2c7
  5396 | D:6      | Noticed a two-headed ogre
  5411 | D:6      | Killed a two-headed ogre
  5411 | D:6      | Reached skill level 8 in Long Blades
  5411 | D:6      | Reached XP level 8. HP: 21/70 MP: 8/8
  5412 | D:6      | Noticed a troll
  5416 | D:6      | Reached skill level 5 in Dodging
  5880 | D:6      | Found an ornate altar of the Wu Jian Council.
  5888 | D:6      | Killed a troll
  5893 | D:6      | Reached skill level 9 in Long Blades
  6015 | D:6      | Reached XP level 9. HP: 56/78 MP: 9/9
  6376 | D:6      | Noticed Menkaure
  6394 | D:6      | Killed Menkaure
  6439 | D:6      | Reached **** piety under Trog
  6796 | D:6      | Upgraded the game from 0.23-a0-80-gc95c2c7 to 0.23-a0-85-g22930c1
  6920 | D:7      | Reached skill level 10 in Long Blades
  6932 | D:7      | HP: 4/118 [human/hand axe (7)]
  8275 | D:8      | Noticed a two-headed ogre
  8290 | D:8      | Killed a two-headed ogre
  8290 | D:8      | Reached XP level 10. HP: 43/88 MP: 10/10
  8791 | D:8      | Noticed Gastronok
  8816 | D:8      | Killed Gastronok
  8816 | D:8      | Reached skill level 11 in Long Blades
  8965 | D:8      | Upgraded the game from 0.23-a0-85-g22930c1 to 0.23-a0-87-g5f73bc1
  9962 | D:9      | Upgraded the game from 0.23-a0-87-g5f73bc1 to 0.23-a0-94-g44dc95e
 10403 | D:10     | Entered Level 10 of the Dungeon
 10447 | D:10     | Found Iredwaod's Assorted Antiques.
 10453 | D:10     | Bought a pair of glowing boots for 217 gold pieces
 10496 | D:10     | Found a runed door.
 10499 | D:10     | Noticed Oddysee's ghost (journeyman FoFi)
 10842 | D:10     | Reached skill level 12 in Long Blades
 10853 | D:10     | Found a staircase to the Orcish Mines.
 11073 | D:10     | Noticed Sonja
 11092 | D:10     | HP: 2/91 [Sonja/uncursed short sword of venom (5)]
 11092 | D:10     | Slain by Sonja

Vault maps used:
D:1:      mrwooster_arrival_arrow
D:2:      gammafunk_temple_overflow_elements, first_ration
D:3:      kennysheep_the_goblin_king, lemuel_crystal_altar,
          kennysheep_okawaru_gauntlet
D:4:      nicolae_overflow_hidden_temple, serial_shops, nicolae_shop_waterfront,
          shop, shop_statue, shop
D:5:      minmay_temple_entry_mist, serial_bayou_ford_a
D:6:      wad_woods_stonehenge, uniq_menkaure
D:7:      grunt_livestock
D:8:      uniq_gastronok
D:10:     lair_entry_dummy, david_orc_2, serial_shops, nicolae_shop_stone,
          ebering_ghost_funeral_grove, uniq_sonja

Skill      XL: |  1  2  3  4  5  6  7  8  9 10 |
---------------+-------------------------------+-----
Dodging        | 3 4 5 6 7 |  7.3
Long Blades    | 4 5 6 8 9 10 12 | 12.1
Fighting       | 4 5 6 8 9 |  9.3
Stealth        | 1 2 4 |  4.1
Evocations     | |  0.1

Action                   |  1- 3 |  4- 6 |  7- 9 | 10-12 || total
-------------------------+-------+-------+-------+-------++-------
Melee: Falchion          |   104 |   183 |   351 |   230 ||   868
       Tailslap          |    13 |    33 |    81 |    45 ||   172
Invok: Berserk           |     1 |     2 |     6 |     3 ||    12
 Abil: Breathe Dispellin |       |       |     1 |       ||     1
Evoke: Wand              |       |       |     1 |       ||     1
  Use: Scroll            |     2 |     3 |     7 |     5 ||    17
       Potion            |       |     3 |     2 |       ||     5
 Stab: Sleeping          |       |       |       |     4 ||     4
  Eat: Chunk             |       |     9 |    16 |     9 ||    34
       Ration            |       |     1 |     1 |     1 ||     3
Armor: Skin              |    39 |    55 |    52 |    55 ||   201
Dodge: Dodged            |    93 |   112 |   167 |   116 ||   488
       Rpst.: Falchion   |    30 |    32 |    45 |    34 ||   141

Table legend:
 A = Non-vault XP
 B = Vault XP
 C = Vault XP percentage of total XP
 D = Non-vault monster count
 E = Vault monster count
 F = Vault count percentage of total count
 G = Total turns spent on level
                 A         B        C        D         E       F
            +---------+---------+-------+---------+---------+-------
      Total |    6722 |    3374 |  33.4 |     182 |      27 |  12.9
            +---------+---------+-------+---------+---------+-------
        D:1 |      71 |       0 |   0.0 |      38 |       0 |   0.0
        D:2 |     112 |       0 |   0.0 |      19 |       0 |   0.0
        D:3 |      28 |      13 |  31.7 |      13 |       7 |  35.0
        D:4 |     422 |       0 |   0.0 |      15 |       0 |   0.0
        D:5 |     382 |       0 |   0.0 |      16 |       0 |   0.0
        D:6 |    1949 |     278 |  12.5 |      24 |       9 |  27.3
        D:7 |     380 |     990 |  72.3 |      21 |       5 |  19.2
        D:8 |    1168 |    2078 |  64.0 |       6 |       1 |  14.3
        D:9 |     951 |       0 |   0.0 |      17 |       0 |   0.0
       D:10 |    1259 |      15 |   1.2 |      13 |       5 |  27.8
            +---------+---------+-------+---------+---------+-------
